 Dungeon Crawl Stone Soup version 0.31-a0-233-g139696dc86 (webtiles) character file.

Game seed: 7272355312474121388

98 qw the Shooter (level 4, -1/36 HPs)
             Began as a Minotaur Hexslinger on July 7, 2023.
             Slain by a gnoll
             ... wielding a +0 spear
              (2 damage)
             ... on level 2 of the Dungeon.
             The game lasted 00:00:33 (999 turns).

qw the Shooter (Minotaur Hexslinger)                 Turns: 999, Time: 00:00:33

Health: -1/36      AC:  4    Str: 12    XL:     4   Next: 43%
Magic:  4/4        EV: 12    Int: 10    God:
Gold:   126        SH:  0    Dex: 15    Spells: 4/5 levels left

rFire   . . .        Y - +1 sling
rCold   . . .        (no shield)
rNeg    . . .        g - +0 leather armour
rPois   .            i - +1 hat
rElec   .            (no cloak)
rCorr   .            (no gloves)
SInv    +            (no boots)
Will    .....        (no amulet)
Stlth   +            (no ring)
HPRegen 0.26/turn    (no ring)
MPRegen 0.09/turn

%: clarity
@: no status effects
A: horns 2, retaliatory headbutt, see invisible, clarity, evolution 1,
MP-powered wands
a: no special abilities


You were on level 2 of the Dungeon.
You visited 1 branch of the dungeon, and saw 2 of its levels.

You collected 126 gold pieces.


Innate Abilities, Weirdness & Mutations

You have a pair of horns on your head.
You reflexively headbutt those who attack you in melee.
You have supernaturally acute eyesight. (SInv)
You possess an exceptional clarity of mind.
You have hidden genetic potential.
You expend magic power (3 MP) to strengthen your wands.


   Skills:
 + Level 2.0 Fighting
 - Level 5.0 Ranged Weapons
 - Level 2.1 Dodging
 - Level 1.0 Spellcasting
 - Level 2.0 Hexes


You had 4 spell levels left.
You knew the following spells:

 Your Spells              Type           Power      Damage    Failure   Level
a - Slow                  Hex            16%        N/A       19%         1

Your spell library contained the following spells:

 Spells                   Type           Power      Damage    Failure   Level
 Inner Flame              Hex/Fire       2%         N/A       65%         3
 Portal Projectile        Hex/Tloc       4%         N/A       65%         3
 Cause Fear               Hex            2%         N/A       88%         4

Inventory:

Hand Weapons
 Y - a +1 sling (weapon)
Armour
 c - a +0 ring mail
 g - a +0 leather armour (worn)
 i - a +1 hat (worn)
Scrolls
 a - 2 scrolls of noise {unknown}
 b - 2 scrolls of immolation {unknown}
Potions
 d - a potion of mutation
 e - a potion of brilliance {unknown}
 h - a potion of might {unknown}
 j - a potion of curing {unknown}

Dungeon Overview and Level Annotations

Branches:
Dungeon (2/15)

Altars:


Message History

The gnoll closely misses you.
You shoot a sling bullet.
The sling bullet closely misses the gnoll.
The gnoll hits you from afar with a +0 spear.
You shoot a sling bullet.
The sling bullet barely misses the gnoll.
The gnoll hits you from afar with a +0 spear.
The gnoll barely misses you.
You shoot a sling bullet. The sling bullet hits the gnoll.
You kill the gnoll!
You hear a shout!
You feel a genetic drift.
Your thoughts seem clearer.
Your Ranged Weapons skill increases to level 5!
You shoot a sling bullet. The sling bullet hits the gnoll.
The gnoll is lightly wounded.
You hear a shout!
A goblin comes into view. It is wielding a +0 dagger.
The gnoll hits you from afar with a +0 spear.
You shoot a sling bullet.
The sling bullet closely misses the gnoll.
The gnoll closely misses you.
You shoot a sling bullet.
The sling bullet barely misses the gnoll.
The gnoll hits you from afar with a +0 spear.
The gnoll barely misses you.
You shoot a sling bullet. The sling bullet hits the gnoll.
The gnoll is heavily wounded.
The gnoll hits you from afar with a +0 spear.
You shoot a sling bullet.
The sling bullet closely misses the gnoll.
The gnoll completely misses you.
You shoot a sling bullet.
The sling bullet hits the gnoll but does no damage.
The gnoll is moderately wounded.
The gnoll hits you from afar with a +0 spear.
You shoot a sling bullet.
The sling bullet barely misses the gnoll.
The gnoll hits you from afar with a +0 spear.
You die...

..............#
....###.#####.###
#.##..<.........#
#.#....#.####.#.#######.
#.#..#......#...........
#.#..#.#....#...#######.
#.#. #.######...#
#.####..........#
###...........##@.#
...##########.##..# ##.#
#.##..gg..... #.#
#.##.####.g.g #.# #.##.#
## #.# #.##.. #.# #.####
#.# #.# #.# #.#


You could see a gnoll and a goblin.

Vanquished Creatures
  3 gnolls (D:2)
  2 adders (D:2)
  4 endoplasms
  2 giant cockroaches
  3 goblins
  6 hobgoblins
  4 jackals (D:1)
  6 kobolds
  2 quokkas
  4 ball pythons (D:1)
  3 bats
  4 frilled lizards
  5 rats
48 creatures vanquished.

Notes
Turn   | Place    | Note
-------+----------+-------------------------------------------
     0 | D:1      | qw the Minotaur Hexslinger began the quest for the Orb.
     0 | D:1      | Reached XP level 1. HP: 16/16 MP: 1/1
     0 | D:1      | 0 ||| qw: Version: 0.3-a-46-gb1f654a
     0 | D:1      | 0 ||| qw: Game counter: 3343
     0 | D:1      | 0 ||| qw: Melee chars always use a shield: true
     0 | D:1      | 0 ||| qw: God list: Okawaru
     0 | D:1      | 0 ||| qw: Allow faded altars: false
     0 | D:1      | 0 ||| qw: Do Orc after clearing Dungeon:15 true
     0 | D:1      | 0 ||| qw: Do second Lair branch before Depths: true
     0 | D:1      | 0 ||| qw: Lair rune preference: random
     0 | D:1      | 0 ||| qw: Goals: Normal
     0 | D:1      | 0 ||| PLANNING D:1-11
   114 | D:1      | Reached skill level 3 in Ranged Weapons
   133 | D:1      | Reached XP level 2. HP: 23/23 MP: 2/2
   350 | D:1      | Reached XP level 3. HP: 29/29 MP: 3/3
   422 | D:1      | Found a faded altar of an unknown god.
   596 | D:1      | 596 ||| UPGRADING to +0 leather armour.
   606 | D:1      | 606 ||| DROPPING +0 robe.
   607 | D:1      | 607 ||| UPGRADING to +1 hat.
   612 | D:1      | 612 ||| READING 4 scrolls labelled KULORPH QUBBU.
   613 | D:1      | 613 ||| READING scroll labelled BIUF ZATWUQ.
   614 | D:1      | 614 ||| READING scroll labelled ORAOHADEWN.
   615 | D:1      | 615 ||| READING scroll labelled VITOQO SAH JAKH.
   619 | D:1      | 619 ||| DRINKING 2 glowing ruby potions.
   619 | D:1      | Gained mutation: You have hidden genetic potential. [potion
                  | of mutation]
   619 | D:1      | Gained mutation: You have supernaturally acute eyesight.
                  | (SInv) [potion of mutation]
   619 | D:1      | Gained mutation: You expend magic power (3 MP) to
                  | strengthen your wands. [potion of mutation]
   620 | D:1      | 620 ||| DROPPING 3 scrolls of summoning.
   621 | D:1      | 621 ||| DROPPING scroll of poison.
   700 | D:2      | Reached skill level 4 in Ranged Weapons
   971 | D:2      | 971 ||| Stepping ~*~*~tactically~*~*~ (outnumbered).
   977 | D:2      | Reached XP level 4. HP: 29/36 MP: 4/4
   992 | D:2      | Gained mutation: You possess an exceptional clarity of
                  | mind. [hidden potential]
   993 | D:2      | Reached skill level 5 in Ranged Weapons
   996 | D:2      | HP: 6/36 [gnoll/+0 spear (5)]
   998 | D:2      | HP: 1/36 [gnoll/+0 spear (6)]
   999 | D:2      | Slain by a gnoll

Levels and vault maps discovered:
D:1:      scummos_arrival_star, layout_basic, ebering_ecumenical_altar_box,
          solitary_fountain
D:2:      layout_basic

Skill      XL: |  1  2  3  4 |
---------------+-------------+-----
Ranged Weapons | 3 4 5 |  5.0
Fighting       | 2 |  2.0
Dodging        | |  2.1
Spellcasting   | |  1.0
Hexes          | |  2.0

Action                     |  1- 3 |  4- 6 || total
---------------------------+-------+-------++-------
   Fire: Sling             |   113 |    23 ||   136
    Use: Scroll            |     4 |       ||     4
         Potion            |     1 |       ||     1
 Armour: Robe              |     3 |       ||     3
         Leather armour    |     2 |     3 ||     5
  Dodge: Dodged            |    19 |    14 ||    33

Table legend:
 A = Non-vault XP
 B = Vault XP
 C = Vault XP percentage of total XP
 D = Non-vault monster count
 E = Vault monster count
 F = Vault count percentage of total count
                 A         B        C        D         E       F
            +---------+---------+-------+---------+---------+-------
      Total |     140 |       0 |   0.0 |      48 |       0 |   0.0
            +---------+---------+-------+---------+---------+-------
        D:1 |      51 |       0 |   0.0 |      30 |       0 |   0.0
        D:2 |      89 |       0 |   0.0 |      18 |       0 |   0.0
            +---------+---------+-------+---------+---------+-------
